[Event "87th Tata Steel Masters 2025"]
[White "Harikrishna,Pentala"]
[Black "Erigaisi,Arjun Kumar"]
[Site "Wijk aan Zee"]
[Round "1.1"]
[Annotator "TA"]
[Result "1-0"]
[Date "2025.01.18"]
[WhiteElo "2695"]
[BlackElo "2801"]
[PlyCount "125"]
[TimeControl "60"]

1. e4 c5 2. Nf3 d6 3. Nc3 Nc6 4. d4 cxd4 5. Nxd4 Nf6 6. Be2 g6 7. Be3 Bg7 8. Qd2 O-O 9. O-O-O d5 10. Bf3 dxe4 11. Nxc6 Qc7 12. Nxe7+ Qxe7 13. Be2 Ng4 14. Bxg4 Bxg4 15. Qd6 Qe8 16. Rd2 Rc8 17. Bd4 Rd8 18. Qxd8 Qxd8 19. Bxg7 Qe8 20. Bxf8 e3 21. fxe3 Kxf8 22. Re1 Qe5 23. g3 Be6 24. a3 Kg7 25. Rd4 Qh5 26. Re2 Qf3 27. b3 $1 h5 28. Kb2 Qf6 29. a4 b6 30. Red2 Qe5 31. e4 Kh6 32. Rd6 Kg7 33. R6d4 Kh6 $1 34. Nd5 Bg4 35. Ne3 Be6 36. Ka2 Qg5 37. Nd5 h4 38. gxh4 Qxh4 39. Nc7 Bh3 40. R4d3 Bg4 41. Nb5 Qe7 42. Nd6 Qf6 43. e5 Qf1 44. Rd4 Be6 45. Rh4+ Kg5 46. Re4 Kh6 47. Kb2 g5 48. Nb5 Bf5 49. Ree2 Bg4 50. Rg2 Qe1 51. Nd4 (51. Nxa7 $6 Qxe5+ 52. c3 Qe1 $16 )Qe4 52. Ka2 Bh5 53. Nc6 $1 Bg6 {[%emt 0:2:2] [#]} (53... a6 $142 54. Rd6+ Bg6 )54. Ne7 $1 $18 Bh5 $2 (54... Qxe5 {keeps fighting.} 55. Nxg6 Kxg6 )55. Ng8+ $18 Kg6 56. Ne7+ (56. Rd6+ $2 Kg7 57. Rgd2 (57. Rxg5+ $2 Bg6 $19 )Kxg8 $19 )Kh6 {[%emt 0:0:8] [#]} 57. h4 $1 g4 58. Ng8+ Kg6 59. Nf6 Qf3 60. Rg1 Kh6 (60... Qc3 $142 61. Rf2 (61. Rdg2 Kh6 $16 )g3 (61... Qxe5 $2 {too greedy.} 62. Nxg4 Qd4 63. Nf6+ Kh6 64. Rgg2 $18 ))61. Rdg2 (61. Rd8 $142 Qe2 62. Rh8+ Kg6 63. Rg8+ (63. Nxh5 Qxc2+ 64. Ka1 f5 $11 )Kf5 64. Kb1 (64. Nxh5 Qxc2+ 65. Ka1 Qc3+ 66. Ka2 Qc2+ 67. Ka1 Qc3+ 68. Ka2 Qc2+ $11 ))Qf5 $18 62. Kb1 ({Inferior is} 62. Nxg4+ Bxg4 63. Rxg4 Qxc2+ 64. Ka3 Qc5+ 65. Ka2 Qc2+ 66. Ka3 Qc5+ 67. Ka2 Qf2+ 68. Ka3 Qc5+ $11 )Bg6 63. h5 1-0

[Event "87th Tata Steel Masters 2025"]
[White "Praggnanandhaa,Rameshbabu"]
[Black "Abdusattorov,Nodirbek"]
[Site "Wijk aan Zee"]
[Round "1.2"]
[Annotator "TA"]
[Result "1/2-1/2"]
[Date "2025.01.18"]
[WhiteElo "2741"]
[BlackElo "2768"]
[PlyCount "92"]
[TimeControl "60"]

1. c4 e5 2. Nc3 Bb4 3. Nd5 a5 4. Nf3 d6 5. a3 Bc5 6. e3 c6 7. d4 Ba7 8. Nc3 Nd7 9. Qc2 Ngf6 10. Bd2 O-O 11. O-O-O Re8 12. h3 e4 13. Nh2 d5 14. g4 (14. cxd5 $1 $14 cxd5 15. g4 )dxc4 $15 15. g5 Nd5 16. Nxe4 Qe7 $1 17. Ng3 $1 b5 $1 (17... Qxg5 18. e4 Nf4 19. Kb1 $14 (19. Nf3 Nd3+ 20. Bxd3 cxd3 $11 ))18. Nf5 Qe6 (18... Qxg5 $6 19. e4 Qg6 (19... Nf4 $2 20. h4 $18 )20. exd5 $16 )19. h4 c5 $1 20. Bh3 Qa6 $1 21. h5 $2 (21. Ng4 $11 {and White is okay.} )b4 $1 $19 22. Bf1 cxd4 $1 23. Bxc4 {[%emt 0:3:18] [#]} b3 (23... Qc6 $1 $19 {And now ...Ne5 would win.} 24. Nxd4 (24. g6 Ne5 )Bxd4 25. exd4 bxa3 )24. Qxb3 $17 (24. Qd3 $2 Qc6 25. Nxd4 (25. exd4 $2 N7b6 $19 )Bxd4 $19 )Nc5 $1 25. Qa2 Nd3+ 26. Kb1 Bxf5 $1 27. Bxa6 N3b4+ (27... Nxf2+ $2 28. Ka1 Nxe3 29. Bxe3 dxe3 30. Bc4 $18 )28. Ka1 Nxa2 29. Kxa2 dxe3 30. fxe3 Nxe3 31. Rc1 Rab8 (31... Bb6 $17 32. Bb5 Re5 )32. Bxa5 (32. Rhe1 $1 $11 )Nc2 $17 33. Bc4 Bd4 34. b3 {[%emt 0:0:55] [#]} Rec8 (34... Ra8 $1 $17 35. Rxc2 Bxc2 )35. Rhf1 $1 $11 Ne3 36. Rxf5 Nxf5 37. g6 hxg6 38. hxg6 Nd6 39. gxf7+ Kf8 ({Much weaker is} 39... Nxf7 40. Bb4 $14 )40. Bb4 Rxb4 41. axb4 Nb5 42. Kb1 Na3+ 43. Ka2 Nc2 44. Kb1 (44. Rxc2 $2 Ra8+ )Na3+ 45. Ka2 Nc2 46. Kb1 (46. Rxc2 $2 {is a self mate.} Ra8+ )Na3+ 1/2-1/2

[Event "87th Tata Steel Masters 2025"]
[White "Mendonca,Leon Luke"]
[Black "Keymer,Vincent"]
[Site "Wijk aan Zee"]
[Round "1.3"]
[Annotator "TA"]
[Result "0-1"]
[Date "2025.01.18"]
[WhiteElo "2639"]
[BlackElo "2733"]
[PlyCount "62"]
[TimeControl "60"]

1. e4 e5 2. Nf3 Nc6 3. Bc4 Nf6 4. Ng5 d5 5. exd5 Na5 6. Bb5+ c6 7. dxc6 bxc6 8. Bd3 Nd5 9. Nf3 (9. Nxh7 Nf4 10. Be4 Rxh7 $19 )Bd6 10. Nc3 f5 11. Nxd5 cxd5 {[%emt 0:0:2] [#]} 12. b4 $1 Nc6 13. Bb5 Bb7 14. Bb2 O-O $1 15. Bxc6 Bxc6 16. Nxe5 Re8 17. f4 d4 18. O-O (18. Bxd4 Bxe5 (18... Bxb4 19. c3 $11 )(18... Bxg2 19. Rf1 $17 )19. Bxe5 Rxe5+ (19... Bxg2 20. Rf1 $17 )20. fxe5 Qh4+ 21. g3 Qe4+ 22. Qe2 (22. Kf2 $2 Qd4+ 23. Kf1 f4 $19 )Qxh1+ 23. Qf1 Qe4+ (23... Qxh2 24. Qc4+ Kh8 25. Qxc6 $17 )24. Qe2 Qxb4 $19 (24... Qxc2 $2 25. Qe3 $19 ))Bxe5 19. fxe5 Rxe5 20. c4 (20. Rf2 {simplifies} Qd7 21. c4 dxc3 22. dxc3 Re4 23. Qxd7 Bxd7 24. h3 )Qh4 21. b5 Bb7 $1 22. Rf2 $36 {[%emt 0:6:19][%mdl 2048] White has the initiative.} Rae8 {[%emt 0:4:57] Hoping for ...f4.} (22... f4 $5 23. Ba3 (23. Bxd4 $2 Rh5 $19 )Re6 $11 )23. Qf1 R5e6 ({Black should try} 23... R8e6 $1 $11 )24. c5 $1 $16 (24. Rf4 Qg5 25. g3 (25. Rxf5 Qxd2 26. Rf2 Re2 $11 )(25. Bxd4 $2 Re1 $19 )(25. Rxd4 $2 Re2 $19 )Re2 26. Bxd4 Rg2+ (26... Rxd2 27. Bf2 $14 )27. Qxg2 Bxg2 28. Kxg2 Re2+ 29. Kg1 Rxd2 30. Bxa7 Rd3 $11 )Be4 (24... Bd5 $16 )25. Qc4 $1 $18 (25. Bxd4 Bxg2 26. Kxg2 Qxd4 $15 )d3 26. Rxf5 {[%emt 0:15:41] aiming for Raf1.} Qg4 27. Rf2 h5 28. h3 (28. Be5 $1 $18 {and the rest is easy.} )Qg3 $16 {[%emt 0:1:3] [#]} 29. c6 $1 Kh7 {[%emt 0:1:35][%cal Ye4g2] [#] ( -> ...Bxg2!)} 30. Qc5 $1 Rg6 (30... Bxg2 31. Qxh5+ Rh6 32. Qf5+ (32. Qxe8 $2 Bxh3+ 33. Kh1 Bg2+ 34. Kg1 Qh2# )(32. Qg4 Qxg4 33. hxg4 Bd5 $18 )Rg6 33. Qxg6+ Qxg6 34. Rxg2 $11 )31. Rc1 $2 (31. Qxa7 {is a self mate.} Bxg2 (31... Qxh3 $2 32. Qxg7+ Rxg7 33. Bxg7 $19 ))(31. Qxh5+ $16 Kg8 32. Bd4 (32. Re1 $2 Qxg2+ 33. Rxg2 Rxg2+ 34. Kh1 Re2+ 35. Kg1 Rxe1+ 36. Kf2 Re2+ 37. Kg3 Rg2+ 38. Kf4 g5+ $19 ))Qxh3 0-1

[Event "87th Tata Steel Masters 2025"]
[White "Gukesh,Dommaraju"]
[Black "Giri,Anish"]
[Site "Wijk aan Zee"]
[Round "1.4"]
[Annotator "TA"]
[Result "1-0"]
[Date "2025.01.18"]
[WhiteElo "2777"]
[BlackElo "2731"]
[PlyCount "83"]
[TimeControl "60"]

1. Nf3 Nf6 2. g3 d5 3. Bg2 c5 4. O-O Nc6 5. d4 e6 6. c4 dxc4 7. Qa4 Bd7 8. dxc5 Bxc5 9. Qxc4 Be7 10. Nc3 O-O 11. e4 Rc8 12. Qe2 (12. Rd1 {is more complex.} Ng4 13. Qb5 Nd4 14. Qd3 )Bc5 13. Bg5 h6 14. Bh4 g5 15. Nxg5 $1 hxg5 16. Bxg5 e5 $1 17. Qd2 Be7 18. Bh6 {[%emt 0:1:1] [#] Qg5+ would kill now.} Kh7 $1 19. Bxf8 Bxf8 20. f4 Be6 21. Nd5 $1 {[%emt 0:1:42] [#]} Nb4 $1 22. fxe5 Ng4 23. Rad1 Kh8 24. Kh1 (24. Nxb4 $2 Qxd2 25. Rxd2 Bxb4 $19 )(24. Qf4 $1 $11 )Rc2 $1 $17 25. Qf4 Nxd5 $1 26. Qf3 {[%emt 0:0:31] [#]} Qb6 $1 27. exd5 Rf2 $40 {[%emt 0:0:13][%mdl 128] Black has strong attack.} 28. Qc3 {[%emt 0:0:51] [#]} Bb4 ({Better is} 28... Bf5 $1 $17 29. e6+ Kh7 )29. Qc1 $1 $11 Bf5 30. Qg5 Bf8 {[%emt 0:0:49][%cal Yf8h6] This pair of bishops is nice.} 31. Qh4+ (31. Qh5+ $1 $11 Bh6 32. Rde1 (32. Qxf7 Rxg2 33. Qe8+ Kg7 $19 )Rxg2 33. Kxg2 Qxb2+ 34. Kh1 )Bh6 (31... Kg8 $17 {[%cal Yf2g2] Strongly threatening ...Rxg2!.} 32. d6 Bg7 (32... Nxe5 $2 33. Qg5+ Bg7 34. Rxf2 $18 ))32. Rde1 (32. h3 $2 Rxg2 33. hxg4 Be4 (33... Rxb2 $2 34. gxf5 Qe3 35. e6 $18 )34. Qf6+ Qxf6 35. Rxf6 Rd2+ (35... Rxb2+ $2 36. Kg1 $19 )36. Kg1 Rxd1+ $19 )Qxb2 33. h3 $2 {[%emt 0:0:27][%mdl 8192] [#]} (33. Rxf2 $1 $11 Nxf2+ 34. Kg1 )Be4 $1 $19 {[%emt 0:1:4][%mdl 512] ( -> ...Rxf1+)} 34. Rxf2 Nxf2+ 35. Kg1 Qb6 $4 (35... Ng4 $19 36. Qxh6+ (36. Bxe4 $2 {leads to mate.} Qh2+ 37. Kf1 Qf2# )(36. Rxe4 Qb6+ )Nxh6 37. Rxe4 Nf5 (37... Qxa2 $2 38. e6 $19 ))36. Qf6+ $18 Qxf6 37. exf6 Bxg2 38. Kxg2 Nd3 39. Re8+ Kh7 40. d6 {[%emt 0:0:6] Black must now prevent d7.} Nc5 41. Re5 {[%emt 0:5:18] Repels Bg5} Nd7 42. Re7 1-0

[Event "87th Tata Steel Masters 2025"]
[White "Wei,Yi"]
[Black "Caruana,Fabiano"]
[Site "Wijk aan Zee"]
[Round "1.5"]
[Annotator "TA"]
[Result "1/2-1/2"]
[Date "2025.01.18"]
[WhiteElo "2751"]
[BlackElo "2803"]
[PlyCount "61"]
[TimeControl "60"]

1. e4 e5 2. Nf3 Nc6 3. Bb5 Nf6 4. O-O Nxe4 5. Re1 Nd6 6. Nxe5 Be7 7. Bf1 Nxe5 8. Rxe5 O-O 9. d4 Bf6 10. Re1 Re8 11. Bf4 Rxe1 12. Qxe1 Ne8 13. c3 d5 14. Nd2 c6 15. Qe3 g6 16. Re1 Ng7 17. Nf3 Bf5 {[%emt 0:6:40] Black is weak on the dark squares} 18. h3 h5 19. Be5 Ne6 20. Bd3 Bxd3 21. Qxd3 Kg7 22. h4 Bxe5 23. Rxe5 (23. Nxe5 $5 Qxh4 24. Nxg6 $14 )Qd7 24. Ng5 Nc7 25. Qe3 Re8 {[%emt 0:0:17] Dodges Re7} 26. g3 Kg8 27. Qf4 Rxe5 28. Qxe5 Ne8 29. Nh3 Nd6 30. Nf4 Qd8 31. Kg2 1/2-1/2

[Event "87th Tata Steel Masters 2025"]
[White "Van Foreest,Jorden"]
[Black "Fedoseev,Vladimir"]
[Site "Wijk aan Zee"]
[Round "1.6"]
[Annotator "TA"]
[Result "1/2-1/2"]
[Date "2025.01.18"]
[WhiteElo "2680"]
[BlackElo "2717"]
[PlyCount "92"]
[TimeControl "60"]

1. e4 e5 2. Nf3 Nf6 3. Nxe5 d6 4. Nf3 Nxe4 5. Bd3 Ng5 6. O-O d5 7. Re1+ Ne6 8. c4 (8. c3 $14 )d4 $1 $11 9. Qc2 g6 10. c5 Bg7 11. Bc4 O-O 12. d3 Nc6 (12... Nxc5 $6 13. Bg5 Bf6 14. Bxf7+ Rxf7 15. Qxc5 $14 (15. Bxf6 Rxf6 16. Qxc5 Nc6 $16 ))13. a3 {[%emt 0:0:41] Prevents Nb4} Nxc5 14. Bg5 Qd6 15. Nbd2 Bf5 16. b4 Ne6 17. Bh4 Rac8 (17... Qd7 $11 )18. Ne4 $1 $14 Bxe4 19. Rxe4 Ncd8 (19... Qd7 $14 )20. Rae1 $16 a6 21. Ne5 (21. Qa2 $16 c6 22. Bg3 )Bxe5 $1 $11 22. Rxe5 Re8 (22... c5 $14 )23. Qa2 $16 {[%emt 0:9:41][%cal Yf2f4][%mdl 1024] White has strong compensation. White is much more active. The black rooks are passive.} Kg7 (23... Nc6 $16 {was worth a try.} 24. R5e4 Kf8 )24. Bb3 ({Better is} 24. Bg3 $18 {[%cal Ye5e6] Black must now prevent Rxe6!.} Qf8 25. Qc2 )Nc6 $14 25. R5e4 (25. Bg3 Qd7 26. Bxe6 Rxe6 27. Rxe6 fxe6 28. Rxe6 Rf8 29. Qc4 )Qd7 $1 26. Qe2 (26. Kf1 Rb8 27. Bxe6 fxe6 28. Rxe6 Rxe6 29. Qxe6 Qxe6 30. Rxe6 Kf7 31. Re4 )h6 (26... Nf4 $2 27. Qf3 Rxe4 28. Rxe4 $16 )27. Qf3 {[%emt 0:2:4] Against Nf4} (27. g3 $14 )Ng5 $40 {[%emt 0:1:0][%mdl 128] Black attacks.} 28. Bxg5 hxg5 29. h3 Rxe4 30. Qxe4 Rh8 31. Ba4 Rh4 32. Qe2 b5 33. Bb3 Rf4 34. Rc1 Qd6 35. Rc5 {[%emt 0:0:7] [#]} (35. Qc2 $15 Rf6 36. Qd2 )Rf5 $1 $17 36. Qe8 Nd8 $2 ({Stronger than} 36... Rxc5 37. Qxf7+ Kh6 38. bxc5 Qxc5 39. Bd1 $11 )({Black should try} 36... Ne5 $17 37. Rd5 Nf3+ 38. gxf3 Rxd5 39. Bxd5 Qxd5 )37. g3 $11 c6 38. Kg2 Qc7 (38... Rxc5 {simplifies} 39. bxc5 Qf6 40. Qd7 Ne6 )39. Qe4 {[%emt 0:1:38] Some like it hot} Rxc5 40. bxc5 {[%emt 0:0:10][%mdl 4096] Endgame KQB-KQN. Black is a pawn up.} Qd7 41. Qe5+ f6 42. Qb8 a5 43. a4 bxa4 44. Bxa4 Nf7 45. Bb3 a4 46. Bxa4 Qd5+ 1/2-1/2

[Event "87th Tata Steel Masters 2025"]
[White "Warmerdam,Max"]
[Black "Sarana,Alexey"]
[Site "Wijk aan Zee"]
[Round "1.7"]
[Annotator "TA"]
[Result "1/2-1/2"]
[Date "2025.01.18"]
[WhiteElo "2646"]
[BlackElo "2677"]
[PlyCount "102"]
[TimeControl "60"]

1. Nf3 d5 2. g3 c6 3. Bg2 Bf5 4. c4 dxc4 5. Na3 e5 $1 6. Nc2 (6. Nxe5 $2 Bxa3 7. bxa3 Qd4 8. Nxc4 Qxc4 $17 (8... Qxa1 9. Nd6+ Kf8 10. Nxf5 $16 ))(6. Nxc4 $14 e4 7. Nfe5 )e4 $11 7. Nh4 $1 Be6 {[%emt 0:6:43] Hoping for ...g5.} 8. Bxe4 Nf6 9. Bg2 $1 Bc5 10. O-O O-O 11. Ne3 Na6 12. b3 Bd4 13. Rb1 cxb3 14. axb3 Nb4 15. Nef5 Bb6 16. Bb2 g6 17. Ne3 Bd4 18. Qc1 a5 19. Nf3 Bxb2 20. Qxb2 Re8 21. Rfc1 Ng4 22. Nc4 Qe7 23. d3 Bd5 24. h3 Nf6 25. Ne3 Rad8 26. Ra1 b6 27. d4 h5 28. Nxd5 cxd5 29. Ne5 Rc8 30. Qd2 Kg7 31. Rc3 Nd7 32. Nxd7 (32. Rxc8 {is interesting.} Rxc8 33. Nxd7 Rc2 34. Qe3 )Rxc3 33. Qxc3 Qxd7 34. Qd2 Rc8 35. Rc1 {[%emt 0:0:7] Prevents Rc2} Rc6 36. Rc3 Qc7 37. Rxc6 Qxc6 {[%emt 0:0:1][%mdl 4096] Endgame KQB-KQN} 38. e3 Kf6 39. Qd1 Qc3 40. Bf1 Qc2 41. Qf3+ Qf5 42. Qe2 Qd7 43. Qf3+ Qf5 44. Qe2 Qe6 45. Qf3+ Ke7 46. g4 hxg4 47. hxg4 Kf8 48. Qf4 Na2 49. Bg2 Kg7 50. Qc7 Nb4 51. Bf3 Nd3 1/2-1/2

[Event "87th Tata Steel Masters 2025"]
[White "Abdusattorov,Nodirbek"]
[Black "Mendonca,Leon Luke"]
[Site "Wijk aan Zee"]
[Round "2.1"]
[Annotator "TA"]
[Result "1-0"]
[Date "2025.01.19"]
[WhiteElo "2768"]
[BlackElo "2639"]
[PlyCount "61"]
[TimeControl "60"]

1. e4 e6 2. d4 d5 3. e5 c5 4. c3 Nc6 5. Nf3 Qb6 6. a4 cxd4 7. cxd4 Nh6 8. Bb5 Nf5 9. Nc3 Bd7 10. O-O a6 11. Bxc6 Bxc6 12. Ne2 Be7 13. b3 O-O-O (13... Rc8 $11 )14. Bd2 Kb8 {[%emt 0:6:4] [#]} 15. b4 $1 Rc8 (15... h5 16. Rb1 )16. Rb1 Bd7 {[%emt 0:0:35] [#]} 17. b5 $1 {[%emt 0:0:12] Prevents Qc6} axb5 (17... a5 18. Qe1 )18. axb5 Rc4 {[%emt 0:1:41] [#]} (18... Bxb5 $2 {perishes.} 19. Qb3 $18 )(18... h5 $16 )19. Qb3 $1 $18 g5 20. h3 (20. Nxg5 Nxd4 21. Nxd4 Qxd4 $16 )h5 21. Bxg5 Rb4 22. Qa2 Rxb5 {[%emt 0:0:54] [#]} 23. Ng3 $1 ({Resist} 23. Bxe7 $6 Nxe7 24. Ra1 Rc8 $16 )Bxg5 24. Nxf5 (24. Nxg5 Nxg3 25. fxg3 Qxd4+ 26. Kh2 Rxb1 27. Qxb1 Rf8 $18 )exf5 25. Nxg5 Qxd4 $2 (25... Qa5 26. Qxa5 Rxa5 27. Nxf7 Rg8 )26. Ra1 Kc7 27. Nxf7 Rg8 28. Nd6 {[%emt 0:0:41] Strongly threatening Rfc1+.} Rb4 29. Qa5+ Qb6 30. Qxd5 {[%emt 0:0:42] White wants to mate with Rfc1+.} Rd8 31. Nc4 (31. Rfd1 $142 Kb8 32. Nf7 )1-0

[Event "87th Tata Steel Masters 2025"]
[White "Caruana,Fabiano"]
[Black "Van Foreest,Jorden"]
[Site "Wijk aan Zee"]
[Round "2.2"]
[Annotator "TA"]
[Result "1-0"]
[Date "2025.01.19"]
[WhiteElo "2803"]
[BlackElo "2680"]
[PlyCount "67"]
[TimeControl "60"]

1. d4 d5 2. Nf3 e6 3. Bf4 c5 4. e3 Nc6 5. c3 Bd6 6. Bg3 Nh6 7. Bd3 O-O 8. Nbd2 b6 9. Qe2 Bb7 10. dxc5 bxc5 11. e4 Rb8 12. e5 Bc7 13. O-O Nf5 14. Bf4 c4 {[%emt 0:6:18] Wards off Nb3} 15. Bc2 Ba6 16. Rab1 d4 17. Nxc4 Qd5 (17... Na5 $15 18. Bd3 dxc3 )18. b3 $11 dxc3 {[%emt 0:0:7] And now ...Ncd4 would win.} 19. Rfd1 Qc5 $1 20. Bxf5 exf5 21. Qc2 $1 Bxc4 22. Qxc3 $1 Bb6 23. Be3 $14 Qb4 $1 24. Qxc4 Qxc4 25. bxc4 Bxe3 26. fxe3 h6 27. Rb5 Rfc8 {[%emt 0:0:18] [#]} ({Black should play} 27... a6 $14 28. Rxb8 Rxb8 )28. Kf2 ({Better is} 28. Rd6 $1 $18 {[%cal Rd6c6] Hoping for Rxc6!.} Nb4 29. a3 )Kf8 {[%emt 0:1:24] [#]} (28... a6 $16 {is a better defense.} 29. Rxb8 Rxb8 )29. Rd6 $1 $18 Nd8 (29... Nb4 $142 30. Nd4 Nxa2 )30. Nd4 g6 $2 (30... Ra8 $16 31. Rbd5 (31. Nxf5 Rxc4 32. Ra6 Nc6 $16 )Nb7 )31. Rxb8 Rxb8 32. c5 Nb7 33. Rd5 Nd8 34. c6 1-0

[Event "87th Tata Steel Masters 2025"]
[White "Keymer,Vincent"]
[Black "Warmerdam,Max"]
[Site "Wijk aan Zee"]
[Round "2.3"]
[Annotator "TA"]
[Result "1/2-1/2"]
[Date "2025.01.19"]
[WhiteElo "2733"]
[BlackElo "2646"]
[PlyCount "133"]
[TimeControl "60"]

1. Nf3 d5 2. b3 c5 3. e3 g6 4. Bb2 Nf6 5. c4 dxc4 6. bxc4 Bg7 7. Be2 O-O 8. O-O b6 9. d3 Bb7 10. Nbd2 Nc6 11. Ne5 Qc7 12. f4 Rad8 13. Qb3 Ne8 14. Ndf3 Na5 15. Qc2 Nd6 16. e4 f6 17. Ng4 Nc6 18. Rae1 Nf7 19. f5 gxf5 20. exf5 Kh8 21. Qb3 Qd7 22. Ne3 Bh6 23. Nd5 Nd6 24. g4 Rg8 25. Nh4 Nb4 26. Bf3 Nxd5 27. cxd5 Rg7 28. Re6 Nf7 29. Rc6 $2 (29. Rfe1 $1 $11 {and White stays safe.} Ng5 (29... Bxd5 30. Bxd5 Qxd5 $15 ))Be3+ $19 30. Kh1 Bxc6 (30... Nh6 $142 31. Qc2 Nxg4 )31. dxc6 $19 Qxd3 32. Qxd3 Rxd3 33. c7 $2 (33. Ng2 {was forced.} Bd4 34. c7 )Nd6 (33... Rg8 $19 34. Ng2 Bh6 )34. Ng2 $17 Bd4 35. Bc1 e5 (35... Rg8 $19 36. Nf4 c4 (36... Rxf3 37. Rxf3 Rxg4 38. Rg3 $17 ))36. fxe6 $17 Rxc7 37. Nf4 Rxf3 $1 (37... Rc3 $6 38. Nd5 Rxc1 39. Rxc1 $11 )38. Rxf3 Re7 39. Rf1 (39. Kg2 $17 {might work better.} )Nc4 (39... Nb5 $19 40. Re1 Nc7 )40. Re1 Ne5 41. Kg2 ({White should play} 41. h4 $1 $15 )Re8 $1 $17 (41... Nxg4 $6 42. Nd5 Re8 43. Nc7 $11 )42. h3 Ng6 43. Nxg6+ hxg6 44. h4 b5 45. Bf4 Kg7 46. Bd6 (46. Bc7 $17 )a5 $19 47. e7 Kf7 48. Kf3 (48. h5 $142 )c4 (48... a4 $19 49. Rc1 Rc8 )49. h5 $17 {[%emt 0:2:54] [#]} gxh5 (49... Bc3 $1 $17 50. hxg6+ Kxg6 )50. gxh5 $15 Bc3 51. Re2 $2 (51. Rb1 $1 $15 )b4 $19 52. h6 {[%emt 0:3:31] [#]} b3 $2 (52... a4 $1 $19 {and ...b3 should not be overlooked} 53. h7 b3 54. axb3 axb3 )53. axb3 $11 cxb3 54. Ba3 Kg6 55. Rh2 Kh7 56. Kg4 Be5 57. Rh1 Kg6 58. h7 f5+ 59. Kf3 a4 60. Ke3 Kf7 61. Rh5 Kg6 62. Rh1 Bf6 63. Kd3 Rc8 64. Rc1 Re8 65. Rh1 Kf7 66. Rf1 Kg6 ({Of course not} 66... Bxe7 67. Bb2 $14 (67. Rxf5+ $2 {is the wrong capture.} Kg6 $19 ))67. Rh1 1/2-1/2

[Event "87th Tata Steel Masters 2025"]
[White "Fedoseev,Vladimir"]
[Black "Gukesh,Dommaraju"]
[Site "Wijk aan Zee"]
[Round "2.4"]
[Annotator "TA"]
[Result "1/2-1/2"]
[Date "2025.01.19"]
[WhiteElo "2717"]
[BlackElo "2777"]
[PlyCount "86"]
[TimeControl "60"]

1. d4 Nf6 2. c4 e6 3. Nf3 d5 4. Nc3 dxc4 5. e4 b5 6. e5 $1 Nd5 7. Nxb5 Nb6 8. Nc3 Nc6 9. Be3 Bb7 10. Be2 Ne7 11. b3 cxb3 12. Qxb3 Nf5 13. Bb5+ c6 14. Bd3 Be7 15. O-O Nxe3 16. fxe3 O-O 17. Ne4 Rb8 18. Nc5 Bxc5 19. dxc5 Nd5 $1 20. Qa3 {[%emt 0:5:57] Prevents Ba6} a5 21. Rad1 Qc7 22. Bc4 Nb4 23. Rd6 Ba6 24. Bxa6 Nxa6 25. Rc1 Nb4 {[%emt 0:6:24] Prevents Qd3} 26. h3 Qa7 27. e4 Qa6 28. Kf2 {[%emt 0:2:23] Dodges Qe2+} (28. Nd4 $5 )h6 29. Rc3 a4 30. Rd4 Qb5 $1 31. Rcc4 Na6 32. Kg3 Rfd8 33. Rxa4 Rxd4 (33... Nxc5 $2 {too greedy.} 34. Ra5 Nxe4+ 35. Rxe4 $18 )34. Nxd4 Qxc5 35. Qxc5 Nxc5 36. Nxc6 $11 {[%emt 0:1:25][%mdl 4096] Endgame KRN-KRN. White is a pawn up.} Rb6 37. Ne7+ Kf8 38. Rc4 Nxe4+ 39. Rxe4 Kxe7 40. Rg4 g6 41. Re4 Rb1 42. h4 Kf8 43. Kf3 Ke7 1/2-1/2

[Event "87th Tata Steel Masters 2025"]
[White "Harikrishna,Pentala"]
[Black "Praggnanandhaa,Rameshbabu"]
[Site "Wijk aan Zee"]
[Round "2.5"]
[Annotator "TA"]
[Result "0-1"]
[Date "2025.01.19"]
[WhiteElo "2695"]
[BlackElo "2741"]
[PlyCount "110"]
[TimeControl "60"]

1. e4 c5 2. Nf3 Nc6 3. Bb5 Nf6 4. Nc3 Qc7 5. O-O Nd4 6. Re1 a6 7. Bf1 Ng4 {[%emt 0:0:25] ( -> ...Nxf3+)} 8. g3 Nxf3+ $1 9. Qxf3 Ne5 10. Qe2 e6 {[%emt 0:0:33] Prevents Nd5} 11. d3 d6 12. Be3 Nc6 13. f4 Be7 14. Qf2 O-O 15. Bg2 Bd7 16. g4 b5 17. h4 {[%emt 0:15:56] [#]} Nd4 $1 18. Rac1 Rae8 19. Ne2 Nxe2+ 20. Rxe2 d5 21. g5 d4 22. Bd2 c4 23. c3 dxc3 24. Rxc3 f6 25. g6 hxg6 $17 26. dxc4 bxc4 27. b3 Bc5 ({Black should try} 27... Qa5 $17 {and ...Bc5 should not be overlooked} 28. Rc2 Qh5 )28. Be3 $15 Bxe3 29. Rexe3 {[%emt 0:3:49] [#]} g5 $1 30. f5 (30. Red3 Rf7 )Qf4 31. hxg5 Qxf2+ (31... fxg5 {is more complex.} 32. bxc4 exf5 33. exf5 Bxf5 34. c5 Rxe3 35. Qxe3 Kf7 )32. Kxf2 cxb3 (32... fxg5 33. Rxc4 exf5 34. exf5 Rxf5+ (34... Bxf5 35. Rxe8 Rxe8 36. Rc5 $11 )35. Bf3 $17 )(32... exf5 33. exf5 Bxf5 34. Bd5+ (34. bxc4 Rd8 $11 )Kh7 35. Rxe8 (35. bxc4 fxg5 36. Rxe8 Rxe8 $11 )(35. Bxc4 Rd8 $11 )Rxe8 36. Bxc4 $14 (36. Rxc4 fxg5 37. Rc5 Rf8 $15 ))33. axb3 fxg5 34. Rc7 Bb5 35. Bh3 exf5 36. exf5 Rxe3 37. Kxe3 {[%emt 0:0:5][%mdl 4096] Endgame KRB-KRB. Black is a pawn up.} Rd8 38. Bg4 Rd7 $1 (38... Rd3+ 39. Ke4 $17 )39. Rc8+ Kf7 40. b4 Kf6 41. Rf8+ Rf7 42. Rb8 Rc7 43. Rb6+ Rc6 44. Rb7 (44. Rxc6+ $17 Bxc6 45. Be2 )Rc3+ $19 45. Kf2 Rd3 46. Bh5 Rd7 (46... Kxf5 47. Rf7+ Ke5 48. Rxg7 $15 )47. Rb8 (47. Rxd7 $17 {keeps fighting.} Bxd7 48. Bf3 )Kxf5 48. Rf8+ Ke5 49. Bg6 $2 (49. Re8+ {was forced.} Kd4 50. Rc8 )Kd4 50. Rc8 Rd6 51. Bh5 Rc6 52. Rg8 Rc7 53. Kg3 (53. Rd8+ $142 Kc4 54. Rd1 Kxb4 55. Rb1+ Ka5 56. Rg1 )Kc3 54. Bd1 Kxb4 55. Kg4 a5 0-1

[Event "87th Tata Steel Masters 2025"]
[White "Sarana,Alexey"]
[Black "Wei,Yi"]
[Site "Wijk aan Zee"]
[Round "2.6"]
[Annotator "TA"]
[Result "1/2-1/2"]
[Date "2025.01.19"]
[WhiteElo "2677"]
[BlackElo "2751"]
[PlyCount "107"]
[TimeControl "60"]

1. e4 e5 2. Nf3 Nc6 3. Nc3 Nf6 4. Bb5 Nd4 5. Nxd4 exd4 6. e5 dxc3 7. exf6 Qxf6 8. dxc3 Bc5 9. Qe2+ Qe6 10. Qxe6+ fxe6 11. a4 a6 12. Bd3 a5 13. h4 O-O 14. f3 e5 15. Bd2 d6 16. c4 Bf5 17. O-O-O Bxd3 18. cxd3 h5 19. Rhe1 b6 20. Re4 Rf5 21. Rde1 Raf8 22. Bc3 Rf4 23. Bd2 R4f5 24. Bc3 Bf2 25. R1e2 Bg3 26. Be1 Bf4+ 27. Bd2 c5 28. Bxf4 Rxf4 $11 {[%emt 0:0:3][%mdl 4096] Endgame. KRR-KRR} 29. Kd2 R4f5 30. Ke3 R5f6 31. Rf2 Kf7 32. g4 Kg6 33. gxh5+ {[%emt 0:2:4] The position is equal.} Kxh5 34. Rg4 g6 35. Rg5+ Kh6 $1 (35... Kxh4 $2 36. Rg1 $18 )36. Rg3 Rf4 37. Rh2 R8f5 38. b3 Rf6 39. Rh1 R6f5 40. Rhg1 Rf6 (40... Rxh4 $2 {perishes.} 41. Rxg6+ Kh7 42. Rxd6 $18 )41. Rh1 Rd4 42. Rg4 d5 43. Rxd4 exd4+ {[%emt 0:0:24] KR-KR} 44. Kf2 dxc4 45. bxc4 Re6 46. Rb1 Kh5 47. Kg3 g5 $1 48. hxg5 Kxg5 49. Rb2 Kf5 50. Rb1 Rg6+ 51. Kf2 Rh6 {[%emt 0:0:3] [#] Strongly threatening ...Kf4.} 52. Kg3 Rg6+ 53. Kf2 Rh6 {[%emt 0:0:3] Hoping for ...Kf4.} 54. Kg3 {[%emt 0:0:0] A rather calm draw.   Weighted Error Value: White=0.02 (flawless) /Black=0.02 (flawless) .  Inaccurate:     	White=1     	Black=1      OK:         	White=27    	Black=12     Best:        	White=2     	---        Strong:       	---       	Black=2} 1/2-1/2